 Dungeon Crawl Stone Soup version 0.30.0-29-ga12c61a403 (webtiles) character file.

Game seed: 4487880355688448605

182 qw the Chopper (level 5, -1/32 HPs)
             Began as a Gargoyle Fighter on June 4, 2023.
             Slain by a hound (2 damage)
             ... on level 4 of the Dungeon.
             The game lasted 00:01:29 (2676 turns).

qw the Chopper (Gargoyle Fighter)                   Turns: 2676, Time: 00:01:30

Health: -1/32      AC: 18    Str: 21    XL:     5   Next: 62%
Magic:  5/5        EV:  6    Int:  9    God:
Gold:   149        SH: 17    Dex:  9    Spells: 4/4 levels left

rFire   . . .        Y - +0 war axe
rCold   . . .        o - +0 tower shield
rNeg    + . .        b - +0 scale mail
rPois   inf          (no helmet)
rElec   +            n - +0 cloak
rCorr   .            c - +1 pair of gloves of the Ecumenical Temple {rPois}
SInv    +            (no boots)
Will    .....        g - amulet of reflection Stlth
                     h - +4 ring of protection
HPRegen 0.25/turn    p - ring of see invisible
MPRegen 0.09/turn

%: reflection
@: about to teleport
A: sickness immunity, AC +4, negative energy resistance 1, electricity
resistance, torment resistance 1, petrification resistance
a: no special abilities


You were on level 4 of the Dungeon.
You visited 1 branch of the dungeon, and saw 4 of its levels.

You collected 149 gold pieces.


Innate Abilities, Weirdness & Mutations

You are immune to sickness and miasma.
Your stone body is resilient. (AC +4)
You are immune to poison.
You resist negative energy. (rN+)
You are resistant to electric shocks. (rElec)
You are resistant to unholy torment.
You are immune to petrification.


   Skills:
 - Level 3.2 Fighting
 - Level 4.6 Axes
 - Level 3.2 Armour
 + Level 4.2 Shields


You had 4 spell levels left.
You didn't know any spells.
Your spell library was empty.

Inventory:

Hand Weapons
 q - a +0 flail
 Y - a +0 war axe (weapon)
Armour
 b - a +0 scale mail (worn)
 c - the +1 pair of gloves of the Ecumenical Temple (worn) {rPois}
   (You acquired it on level 2 of the Dungeon)

   rPois:     It protects you from poison.
 j - a +0 chain mail
 n - a +0 cloak (worn)
 o - a +0 tower shield (worn)
Jewellery
 g - an amulet of reflection (around neck)
 h - a +4 ring of protection (left hand)
 m - a ring of positive energy
 p - a ring of see invisible (right hand)
Scrolls
 i - a scroll of teleportation
 s - a scroll of identify
Potions
 a - a potion of haste {unknown}
 d - 2 potions of might
 e - 4 potions of curing
 f - a potion of heal wounds {unknown}
 k - a potion of flight {unknown}
 l - a potion of degeneration {unknown}
 r - a potion of ambrosia {unknown}
 t - a potion of berserk rage {unknown}

Dungeon Overview and Level Annotations

Branches:
Dungeon (4/15)
 Temple: D:4-7

Altars:
Elyvilon


Message History

You block the hound's attack.
You barely miss the hound.
The hound is severely wounded.
You hit the ogre. You block the hound's attack. The ogre closely misses you.
The hound bites you but does no damage.
You closely miss the hound.
The hound is severely wounded.
You hit the ogre. You block the hound's attack. The ogre barely misses you.
You block the hound's attack. The hound bites you but does no damage.
The ogre barely misses you.
You hit the hound but do no damage.
The hound is severely wounded.
You completely miss the ogre. You block the hound's attack.
The hound bites you but does no damage. You block the ogre's attack.
You hit the hound.
The hound is almost dead.
You barely miss the ogre. The hound bites you. You block the hound's attack.
You hit the hound.
The hound is almost dead.
You slash the ogre! The hound bites you but does no damage.
The ogre hits you with a +0 giant club! You block the hound's attack.
2674 ||| READING 2 scrolls of teleportation.
As you read the scroll of teleportation, it crumbles to dust.
You feel strangely unstable. The hound bites you. You block the ogre's attack.
The hound bites you.
You miss the hound.
The hound is almost dead.
You barely miss the ogre. You block the hound's attack.
You block the ogre's attack. The hound bites you but does no damage.
You barely miss the hound.
The hound is almost dead.
You hit the ogre but do no damage. The hound bites you.
You block the ogre's attack. The hound bites you.
You die...

#.....###
#..?....#########
+................
#......<.....#### ###
#............# ....
###.##........# ....
#...##........###
#!.#.####..........##
#..h@# ###...)#.....
#..O.# #....#.)..#
#..### #....#.<..#
[(.. #....#....#
..... #....#....#
##### #....+..#..
#...)######
#..?......#
#########.#


You could see an ogre and a hound.

Vanquished Creatures
  An iguana (D:4)
  3 gnolls (D:2)
  5 adders
  2 worms
  2 dart slugs (D:1)
  An orc (D:4)
  13 ball pythons
  3 endoplasms
  3 giant cockroaches
  8 goblins
  8 hobgoblins
  2 jackals (D:1)
  4 kobolds
  4 quokkas
  7 bats
  A frilled lizard (D:3)
  5 rats
72 creatures vanquished.

Notes
Turn   | Place    | Note
-------+----------+-------------------------------------------
     0 | D:1      | qw the Gargoyle Fighter began the quest for the Orb.
     0 | D:1      | Reached XP level 1. HP: 14/14 MP: 1/1
     0 | D:1      | 0 ||| qw: Version: 0.2-a-107-g4668610
     0 | D:1      | 0 ||| qw: Game counter: 1187
     0 | D:1      | 0 ||| qw: Always use a shield: true
     0 | D:1      | 0 ||| qw: God list: Okawaru
     0 | D:1      | 0 ||| qw: Allow faded altars: false
     0 | D:1      | 0 ||| qw: Do Orc after D:15 true
     0 | D:1      | 0 ||| qw: Do second Lair branch before Depths: true
     0 | D:1      | 0 ||| qw: Lair rune preference: random
     0 | D:1      | 0 ||| qw: Plans: Normal, Zot:1-4, Slime:5, God:TSO, Crypt,
                  | Tomb, Abyss, Pan, Hells, Win
     0 | D:1      | 0 ||| PLANNING D:1-11
   115 | D:1      | Reached XP level 2. HP: 19/19 MP: 2/2
   193 | D:1      | 193 ||| Stepping ~*~*~tactically~*~*~ (hiding).
   416 | D:1      | Reached skill level 3 in Axes
   561 | D:1      | Reached XP level 3. HP: 23/23 MP: 3/3
   891 | D:1      | 891 ||| Stepping ~*~*~tactically~*~*~ (stealth).
   897 | D:1      | 897 ||| Stepping ~*~*~tactically~*~*~ (stealth).
   905 | D:1      | 905 ||| DROPPING +0 club.
  1044 | D:1      | 1044 ||| UPGRADING to +0 cloak.
  1049 | D:1      | 1049 ||| UPGRADING to amulet of reflection.
  1054 | D:1      | 1054 ||| DROPPING amulet of guardian spirit.
  1055 | D:1      | 1055 ||| UPGRADING to +4 ring of protection.
  1056 | D:1      | 1056 ||| UPGRADING to ring of positive energy.
  1057 | D:1      | 1057 ||| READING scroll labelled MEBAEFA MIA.
  1058 | D:1      | 1058 ||| READING scroll labelled BUQUIS ZOAXZAG.
  1059 | D:1      | 1059 ||| DRINKING 2 amethyst potions.
  1177 | D:2      | 1177 ||| Stepping ~*~*~tactically~*~*~ (stealth).
  1236 | D:2      | Reached XP level 4. HP: 28/28 MP: 4/4
  1422 | D:2      | 1422 ||| Stepping ~*~*~tactically~*~*~ (stealth).
  1641 | D:2      | Reached XP level 5. HP: 27/32 MP: 5/5
  1660 | D:2      | 1660 ||| DROPPING +0 whip.
  1673 | D:2      | Found a faded altar of an unknown god.
  1766 | D:2      | 1766 ||| UPGRADING to +0 tower shield.
  1776 | D:2      | 1776 ||| DROPPING +0 buckler.
  1777 | D:2      | 1777 ||| READING 3 scrolls labelled ACABBO OLOUZAOZYT.
  1778 | D:2      | 1778 ||| READING 2 scrolls labelled PYPLOE PAGAKHO.
  1781 | D:2      | 1781 ||| READING scroll labelled CIUPNEL XIUR.
  1781 | D:2      | Identified a scroll of acquirement
  1781 | D:2      | 1781 ||| ACQUIRING +1 pair of gloves of the Ecumenical
                  | Temple {rPois}
  1781 | D:2      | Acquired the +1 pair of gloves of the Ecumenical Temple
                  | {rPois}
  1783 | D:2      | 1783 ||| UPGRADING to +1 pair of gloves of the Ecumenical
                  | Temple {rPois}.
  1788 | D:2      | 1788 ||| READING scroll labelled ZALECYMUZE.
  1789 | D:2      | 1789 ||| DROPPING 2 scrolls of immolation.
  1850 | D:3      | Found a white marble altar of Elyvilon.
  1871 | D:3      | 1871 ||| Stepping ~*~*~tactically~*~*~ (stealth).
  1872 | D:3      | 1872 ||| Stepping ~*~*~tactically~*~*~ (stealth).
  2453 | D:3      | 2453 ||| UPGRADING to ring of see invisible.
  2455 | D:3      | 2455 ||| READING scroll labelled CUHESAG XOATI.
  2456 | D:3      | 2456 ||| READING 2 scrolls labelled PIMILLACHESK.
  2457 | D:3      | 2457 ||| DROPPING scroll of fear.
  2658 | D:4      | Noticed an ogre
  2673 | D:4      | HP: 6/32 [ogre/+0 giant club (8)]
  2674 | D:4      | 2674 ||| READING 2 scrolls of teleportation.
  2674 | D:4      | HP: 1/32 [hound (3)]
  2676 | D:4      | Slain by a hound

Levels and vault maps discovered:
D:1:      matt_arrival_los_fun, layout_basic, serial_forest,
          infiniplex_forest_lined_room_2, infiniplex_forest_straight_4,
          infiniplex_forest_end_2, infiniplex_forest_lined_3,
          infiniplex_forest_lined_3, infiniplex_forest_lined_room_2
D:2:      layout_basic, shapermc_ecumenical_altar_mp_ritualfount,
          minmay_snake_closets
D:3:      layout_loops_ring, nicolae_elyvilon_peaceful_grove
D:4:      layout_basic, mainiacjoe_overflow_small_starburst,
          kennysheep_generic_room_6

Skill      XL: |  1  2  3  4  5 |
---------------+----------------+-----
Axes           | 2 3 4 |  4.6
Shields        | 4 |  4.2
Fighting       | |  3.2
Armour         | |  3.2

Action                     |  1- 3 |  4- 6 || total
---------------------------+-------+-------++-------
  Melee: War axe           |   106 |   110 ||   216
    Use: Scroll            |     2 |     7 ||     9
         Potion            |     1 |       ||     1
 Armour: Scale mail        |    43 |    73 ||   116
  Dodge: Dodged            |    53 |    36 ||    89
  Block: Buckler           |    19 |    21 ||    40
         Tower shield      |       |    71 ||    71

Table legend:
 A = Non-vault XP
 B = Vault XP
 C = Vault XP percentage of total XP
 D = Non-vault monster count
 E = Vault monster count
 F = Vault count percentage of total count
                 A         B        C        D         E       F
            +---------+---------+-------+---------+---------+-------
      Total |     186 |      75 |  28.7 |      61 |      11 |  15.3
            +---------+---------+-------+---------+---------+-------
        D:1 |      48 |       0 |   0.0 |      26 |       0 |   0.0
        D:2 |      91 |      36 |  28.3 |      18 |       9 |  33.3
        D:3 |      35 |       0 |   0.0 |      13 |       0 |   0.0
        D:4 |      12 |      39 |  76.5 |       4 |       2 |  33.3
            +---------+---------+-------+---------+---------+-------
